 Dungeon Crawl Stone Soup version 0.15.2 (webtiles) character file.

184345 bullock the Slayer (level 17, -11/182 HPs)
             Began as a Minotaur Fighter on Dec 2, 2014.
             Was a Plaything of Xom.
             Killed from afar by a bog body (13 damage)
             ... with a bolt of cold
             ... on Level 5 of the Swamp on Dec 3, 2014.
             The game lasted 04:24:52 (49196 turns).

bullock the Slayer (Minotaur Fighter)              Turns: 49196, Time: 04:24:54

HP -11/182       AC 26     Str 28      XL: 17   Next: 77%
MP  25/25        EV  7     Int  5      God: Xom
Gold 733         SH 21     Dex  6      Spells:  4 memorised,  6 levels left

rFire  + . .     SeeInvis +     x - +8 dagger "Ghue" {stab, rPois rN+}
rCold  + . .     Clarity  .     J - +3 chain mail {rF+}
rNeg   + . .     rCorr    .     V - +0 large shield
rPois  +         rRot     .     (helmet restricted)
rElec  .         Spirit   .     F - +0 cloak
SustAb .         Warding  .     n - +0 pair of gloves
rMut   .         Stasis   .     D - +2 pair of boots {+Jump}
Gourm  .                        p - amulet of rage
MR     ++...                    b - ring of protection from magic
                                M - ring of protection from cold

@: lethally poisoned, about to teleport, very resistant to hostile enchantments,
extremely unstealthy
A: retaliatory headbutt, horns 2, rugged brown scales 2, see invisible, clumsy
2, mutation resistance 1
a: Renounce Religion, Evoke Berserk Rage, Evoke Jump Attack


You were on level 5 of the Swamp.
You worshipped Xom.
You were a special plaything of Xom.
You were not hungry.

You visited 5 branches of the dungeon, and saw 33 of its levels.
You also visited: Labyrinth and Bailey.

You collected 2675 gold pieces.
You spent 1942 gold pieces at shops.

Inventory:

Hand weapons
 s - a +2 war axe of flaming
 w - the +6 trident of Awkwardness {venom, rN+}
   (You bought it in a shop on level 4 of the Orcish Mines)

   It poisons the flesh of those it strikes.
   It protects you from negative energy.
 x - the +8 dagger "Ghue" (weapon) {stab, rPois rN+}
   (You found it on level 4 of the Dungeon)

   It inflicts extra damage upon your enemies.
   It protects you from poison.
   It protects you from negative energy.
 O - the +1 blowgun "Puraytef" {evade, rF+ Dex+4}
   (You bought it in a shop on level 4 of the Orcish Mines)

   It affects your evasion (+5 to EV).
   It affects your dexterity (+4).
   It protects you from fire.
Missiles
 R - 5 curare-tipped needles
Armour
 n - a +0 pair of gloves (worn)
 D - a +2 pair of boots of jumping (worn)
 F - a +0 cloak (worn)
 J - a +3 chain mail of fire resistance (worn)
 V - a +0 large shield (worn)
Magical devices
 l - a wand of slowing (17)
 o - a wand of digging (15)
 r - a wand of lightning (3)
 u - a wand of confusion (7)
 v - a wand of lightning (6)
 y - a wand of disintegration (12)
 z - a wand of magic darts (4)
 E - a wand of draining (7)
 T - a wand of teleportation (3)
 X - a wand of confusion (10)
Comestibles
 d - 11 bread rations
 h - 2 meat rations
 k - 7 fruits
Scrolls
 c - 2 scrolls of summoning
 e - 2 scrolls of immolation
 f - 9 scrolls of remove curse
 g - 6 scrolls of teleportation
 i - a scroll of vulnerability
 m - 3 scrolls of enchant armour
 B - a scroll of brand weapon
 I - a scroll of recharging
 Q - a scroll of amnesia
 W - a scroll of silence
 Y - 2 scrolls of magic mapping
Jewellery
 a - an uncursed amulet of resist corrosion
 b - a ring of protection from magic (right hand)
 j - an uncursed amulet of clarity
 p - an amulet of rage (around neck)
 M - a ring of protection from cold (left hand)
 P - an uncursed amulet of the gourmand
Potions
 t - a potion of haste
 C - 2 potions of restore abilities
 G - 2 potions of cancellation
 K - 3 potions of mutation
 S - a potion of flight
 U - a potion of agility
 Z - 3 potions of brilliance
Books
 A - a book of Enchantments

   Spells                             Type                      Level
   Tukima's Dance                     Hexes                        3
   Cause Fear                         Hexes                        4
   Silence                            Hexes/Air                    5
   Deflect Missiles                   Charms/Air                   6
   *Haste                             Charms                       6
   Discord                            Hexes                        8
Miscellaneous
 H - a stone of tremors


   Skills:
 * Level 21.6 Fighting
 * Level 14.6 Axes
 + Level 16.3 Armour
 + Level 16.0 Shields
 + Level 9.4 Evocations


You had 6 spell levels left.
You knew the following spells:

 Your Spells              Type           Power        Failure   Level  Hunger
a - Apportation           Tloc           #.........   100%        1    ##.....
b - Haste                 Chrm           #.......     100%        6    #######
c - Summon Butterflies    Summ           #.......     100%        1    ##.....
q - Blink                 Tloc           N/A          100%        2    ###....


Dungeon Overview and Level Annotations

Branches:
Dungeon (15/15)            Temple (1/1) D:7             Orc (4/4) D:9
    Elf (0/3) Orc:3          Lair (8/8) D:9           Swamp (5/5) Lair:5
 Spider (0/5) Lair:3        Slime (0/6) Lair:8       Vaults (0/5) D:13
 Depths (0/5) D:15

Altars:
Ashenzari
Cheibriados
Dithmenos
Elyvilon
Fedhas
Kikubaaqudgha
Makhleb
Nemelex Xobeh
Okawaru
Qazlal
Sif Muna
Trog
Vehumet
Xom
Yredelemnul
Zin
The Shining One
Beogh
Jiyva

Shops:
D:11 !   D:12 :   Orc:4 :(*[


Innate Abilities, Weirdness & Mutations

You reflexively headbutt those who attack you in melee.
You have a pair of horns on your head.
You are mostly covered in rugged brown scales (AC +2, +5% HP).
You have supernaturally acute eyesight.
You are very clumsy. (Dex -4)
You are somewhat resistant to further mutation.


Message History

The slime creature quivers.
You feel sick.
The bog body gestures at you while chanting.
The bolt of cold hits you! You resist.
* * * LOW HITPOINT WARNING * * *
Unknown command.
Read which item? (? for menu, Esc to quit)
As you read the scroll of fog, it crumbles to dust.
The scroll dissolves into smoke.
* * * LOW HITPOINT WARNING * * *
You feel sick.
Read which item? (? for menu, Esc to quit)
As you read the scroll of teleportation, it crumbles to dust.
You feel strangely unstable.
* * * LOW HITPOINT WARNING * * *
You feel sick.
The bog body gestures at you while chanting.
The bolt of cold hits you! You resist.
You die...
Xom chortles!

..≈..
...#≈≈..≈≈≈...♣♣♣≈
..## #≈≈≈≈≈≈≈≈≈.♣ ..
##≈§≈≈≈≈≈≈≈♣
#≈≈≈≈≈≈≈≈≈≈♣ .
#≈≈≈≈.≈≈≈≈≈ ≈ .≈.
#≈≈≈≈≈.≈≈≈. .. #.J.
#≈≈≈≈≈≈≈≈... ###
...≈≈≈#####§§n≈≈≈≈..≈≈
≈≈≈ ♣§§@§§≈≈≈≈≈...
≈≈≈.♣ ♣..♣§§§§≈≈§.≈♣.≈
≈≈≈♣♣ ♣≈≈§§§§§≈≈≈.♣♣
♣♣♣♣ ♣♣≈≈≈≈≈).≈≈≈.♣♣ ♣
♣≈≈≈≈≈...≈≈≈≈≈≈ ♣
.≈≈≈≈≈≈≈.≈.≈≈≈≈≈ ♣
.≈≈≈≈≈≈≈..?≈≈≈..♣ ♣
♣.≈≈≈...≈≈§..≈♣ ♣♣♣♣..
....♣♣≈♣≈≈.≈≈♣♣


You could see a bog body.

Vanquished Creatures
  A sphinx (shapeshifter) (D:13)
  Frances (Swamp:1)
  A thorn hunter (Swamp:2)
  The ghost of bullock the Destroyer, a mighty GrWz of Vehumet (Orc:4)
  Donald (Swamp:1)
  An orc warlord (Orc:3)
  7 vault guards
  A minotaur (Lab)
  Harold (Lair:6)
  18 hydras
  6 alligators
  2 centaur warriors
  The ghost of bullock the Conjurer, a powerful GrWz of Vehumet (Bailey)
  3 shambling mangroves
  7 death yaks
  A tengu warrior (D:15)
  Nergalle (Lair:8)
  An orc high priest (Orc:4)
  3 fire crabs (Lair:7)
  4 skeletal warriors
  An anaconda (D:15)
  2 unseen horrors
  A giant orange brain (D:15)
  A lindwurm (Lair:8)
  8 hill giants
  A spriggan druid (Swamp:4)
  10 swamp dragons
  11 ugly things
  A mana viper (shapeshifter) (D:15)
  A griffon (Lair:6)
  2 red wasps (Swamp:3)
  2 orc sorcerers (Orc:4)
  4 orc knights
  A cyclops (D:11)
  A draconian (Bailey)
  Maurice (D:10)
  3 gargoyles
  Joseph (Orc:2)
  5 black mambas
  9 elephants (Lair:8)
  35 spiny frogs
  2 torpor snails
  Psyche (Orc:2)
  5 kobold demonologists
  7 komodo dragons
  A tengu conjurer (D:15)
  10 trolls
  An efreet (D:15)
  2 baby alligators (Swamp:4)
  Grinder (D:3)
  5 fire drakes
  3 two-headed ogres
  A catoblepas zombie (D:14)
  Sonja (D:13)
  A merfolk (shapeshifter) (D:15)
  9 giant leeches
  A blink frog (shapeshifter) (Swamp:1)
  17 blink frogs
  14 bog bodies
  12 ravens
  4 deep elf magi
  A hydra skeleton (D:11)
  31 slime creatures
  A wraith (D:12)
  A trapdoor spider (shapeshifter) (D:15)
  5 basilisks
  6 spriggans
  A shadow (Swamp:2)
  A ynoxinul (D:13)
  14 hippogriffs
  A hog (shapeshifter) (D:13)
  3 humans (D:10)
  2 wyverns
  A fire bat (D:9)
  2 hungry ghosts
  A chaos spawn (D:12)
  31 yaks
  33 vampire mosquitoes
  A spatial vortex (D:12)
  5 wargs
  21 swamp worms
  Edmund (D:5)
  A warg (shapeshifter) (D:15)
  8 porcupines
  9 wolves
  10 swamp drakes
  A necrophage (D:9)
  19 water moccasins
  2 mottled dragons
  7 sky beasts
  9 ogres
  7 spiders (Lair:3)
  38 orc warriors
  An ice beast (D:12)
  2 black bears (D:8)
  6 boring beetles
  8 yellow wasps
  5 boggarts (D:15)
  A manticore skeleton (D:13)
  An ogre (shapeshifter) (Lair:1)
  4 phantoms
  10 centaurs
  11 crocodiles
  3 big kobolds
  A brain worm (D:15)
  Blork the orc (D:8)
  A komodo dragon skeleton (D:8)
  25 giant frogs
  7 insubstantial wisps
  2 eyes of draining
  3 scorpions
  16 killer bees
  10 wights
  16 hounds
  A centaur zombie (D:9)
  8 crimson imps
  4 electric eels (Lair:8)
  27 orc priests
  5 jellies
  3 quasits
  16 worker ants
  31 orc wizards
  7 spectral orcs (Lair:8)
  9 iguanas
  An iron imp (D:12)
  2 centaur skeletons
  21 sheep
  A mottled dragon skeleton (D:10)
  2 hound skeletons
  A mummy (D:9)
  72 green rats
  3 gnolls (D:4)
  10 orc zombies
  5 shadow imps
  2 white imps (D:12)
  19 adders
  2 worms (D:2)
  2 ufetubi (Lair:8)
  4 giant geckos
  An ooze (Lair:8)
  198 orcs
  11 bats
  2 giant cockroaches
  25 hobgoblins
  24 kobolds
  10 quokkas
  A ball python (D:1)
  2 giant newts
  A giant spore (D:15)
  23 goblins
  16 jackals
  A jackal skeleton (D:5)
  3 orc skeletons
  A quokka skeleton (D:9)
  17 rats
  A rat skeleton (D:5)
  6 ballistomycetes
  14 fungi
  4 plants
1288 creatures vanquished.

Vanquished Creatures (collateral kills)
  Rupert (Lair:4)
  A hydra (Swamp:2)
  A slime creature (D:12)
  A skeletal warrior (D:13)
  A hill giant (D:12)
  A silver statue (D:12)
  An orange crystal statue (D:12)
  A giant leech (Swamp:2)
  A bog body (Swamp:2)
  A blink frog (Lair:8)
  2 wyverns (D:10)
  2 humans (D:10)
  A spriggan (Swamp:2)
  A hungry ghost (D:12)
  5 vampire mosquitoes
  A soldier ant (D:12)
  2 swamp drakes
  A yellow wasp (D:12)
  2 centaurs
  5 wights (D:12)
  A crimson imp (D:12)
  An orc priest (Orc:4)
  A sheep (D:13)
  2 white imps (D:13)
  2 orcs (Orc:4)
  A fungus (Lair:7)
  5 plants (Lair:7)
45 creatures vanquished.

Vanquished Creatures (others)
  An ugly thing (D:15)
  A raven (D:15)
  An orc warrior (D:13)
  3 swamp drakes
  An ogre (D:9)
  A porcupine (Lair:7)
  An electric eel (Lair:8)
  An orc priest (Orc:4)
  5 crimson imps
  A basilisk zombie (D:9)
  8 quasits
  5 iron imps
  A sheep (D:13)
  7 shadow imps
  11 white imps
  9 ufetubi
  2 orcs (Orc:4)
  A quokka (Orc:4)
  A giant spore (D:12)
  A quokka skeleton (D:9)
  2 briar patches (Swamp:5)
  A bush (Swamp:5)
  36 fungi
  18 plants
119 creatures vanquished.

Grand Total: 1452 creatures vanquished

Notes
Turn   | Place    | Note
--------------------------------------------------------------
     0 | D:1      | bullock, the Minotaur Fighter, began the quest for the Orb.
     0 | D:1      | Reached XP level 1. HP: 19/19 MP: 1/1
    85 | D:1      | Reached XP level 2. HP: 10/27 MP: 1/1
   599 | D:1      | Reached skill level 4 in Shields
   652 | D:2      | Reached XP level 3. HP: 31/33 MP: 2/2
   974 | D:2      | Reached XP level 4. HP: 40/40 MP: 2/2
  1262 | D:3      | Found an iron altar of Okawaru.
  1345 | D:3      | Noticed Grinder
  1345 | D:3      | Paralysed by Grinder for 2 turns
  1356 | D:3      | Killed Grinder
  1356 | D:3      | Reached skill level 5 in Fighting
  1356 | D:3      | Reached skill level 5 in Shields
  1356 | D:3      | Reached XP level 5. HP: 26/50 MP: 2/2
  1356 | D:3      | Reached XP level 6. HP: 29/57 MP: 3/3
  1757 | D:3      | Reached skill level 6 in Fighting
  1894 | D:4      | Reached skill level 5 in Armour
  2077 | D:4      | Reached XP level 7. HP: 56/64 MP: 3/3
  2246 | D:4      | Reached skill level 7 in Fighting
  2534 | D:4      | Got an iridescent dagger
  2535 | D:4      | Identified the +8 dagger "Ghue" {stab, rPois rN+} (You found it on level 4 of the Dungeon)
  2781 | D:4      | Reached skill level 8 in Fighting
  3032 | D:5      | Entered Level 5 of the Dungeon
  3062 | D:5      | Found a white marble altar of Elyvilon.
  3196 | D:5      | Reached XP level 8. HP: 74/74 MP: 3/3
  3375 | D:5      | Noticed Edmund
  3390 | D:5      | Killed Edmund
  3527 | D:5      | Found a glowing silver altar of Zin.
  4083 | D:6      | Reached skill level 9 in Fighting
  4619 | D:7      | Found a staircase to the Ecumenical Temple.
  4639 | Temple   | Entered the Ecumenical Temple
  4730 | Temple   | Became a worshipper of Xom of Chaos
  4812 | D:7      | XOM: harmless Summ miscast
  4887 | D:7      | XOM: harmless Ice miscast
  5253 | D:7      | XOM: potion effect (might)
  5254 | D:7      | Reached skill level 10 in Fighting
  5302 | D:7      | XOM: harmless Chrm miscast
  5522 | D:8      | XOM: divination: magic mapping
  5526 | D:8      | Reached XP level 9. HP: 76/85 MP: 4/4
  5565 | D:8      | XOM: confuse monster(s)
  5680 | D:8      | Noticed Blork the orc
  5689 | D:8      | Killed Blork the orc
  5811 | D:8      | XOM: god gift: runed robe {god gift}
  5852 | D:8      | Learned a level 2 spell: Blink
  5854 | D:8      | Learned a level 1 spell: Apportation
  6066 | D:8      | Gained mutation: Your mind is acute. (Int +2) [mutagenic meat]
  6095 | D:8      | Reached skill level 11 in Fighting
  6337 | D:9      | Found a staircase to the Lair.
  6482 | D:9      | XOM: cast spell 'Cause Fear'
  6516 | D:9      | XOM: vitrification
  6682 | D:9      | Reached skill level 12 in Fighting
  6735 | D:9      | Found a basalt altar of Yredelemnul.
  6745 | D:9      | Noticed a profane servitor
  6759 | D:9      | Found a glowing golden altar of the Shining One.
  6760 | D:9      | Noticed an angel
  6770 | D:9      | XOM: swap monsters
  6924 | D:9      | XOM: blink monster(s)
  6933 | D:9      | Reached XP level 10. HP: 81/97 MP: 4/4
  6947 | D:9      | Gained mutation: You are frail (-10% HP). [mutagenic meat]
  6991 | D:9      | XOM: mild Divn miscast
  7045 | D:9      | Found a radiant altar of Vehumet.
  7051 | D:9      | XOM: 2-stop teleportation journey
  7082 | D:9      | Found a staircase to the Orcish Mines.
  7091 | D:9      | XOM: enchant monster (good)
  7093 | D:9      | XOM: potion effect (haste)
  7098 | D:9      | XOM: enchant monster (good)
  7130 | D:9      | Found a sparkling altar of Nemelex Xobeh.
  7921 | D:10     | Entered Level 10 of the Dungeon
  7921 | D:10     | Noticed a hill giant
  7934 | D:10     | Killed a hill giant
  7934 | D:10     | Reached skill level 13 in Fighting
  8033 | D:10     | XOM: blink monster(s)
  8039 | D:10     | XOM: summons 5 friendly demons
  8043 | D:10     | Reached skill level 10 in Armour
  8062 | D:10     | Reached skill level 10 in Shields
  8144 | D:10     | Noticed a hill giant
  8147 | D:10     | XOM: summons friendly hellwing
  8361 | D:10     | Noticed Maurice
  8440 | D:9      | XOM: give mutation
  8440 | D:9      | Gained mutation: You are very frail (-20% HP). [Xom's mischief]
  8567 | D:9      | XOM: enchant monster (bad)
  8618 | D:9      | XOM: harmless Divn miscast
  8624 | D:9      | XOM: confuse monster(s)
  8629 | D:9      | XOM: confuse monster(s)
  8654 | D:9      | Killed a hill giant
  8964 | D:10     | XOM: cast spell 'Flight'
  8999 | D:10     | XOM: cast spell 'Monstrous Menagerie'
  9026 | D:10     | Reached skill level 14 in Fighting
  9026 | D:10     | Reached XP level 11. HP: 82/88 MP: 4/4
  9257 | D:11     | Found Qiunleah's Distillery.
  9257 | D:11     | Noticed a seven-headed hydra
  9261 | D:11     | XOM: mild Tloc miscast
  9262 | D:11     | XOM: potion effect (invisibility)
  9283 | D:11     | XOM: summons 3 friendly demons
  9292 | D:11     | Killed a seven-headed hydra
  9292 | D:11     | XOM: god gift: 33 gold pieces
  9301 | D:11     | Bought a potion of poison for 15 gold pieces
  9301 | D:11     | Bought a potion of heal wounds for 45 gold pieces
  9301 | D:11     | Bought a potion of heal wounds for 45 gold pieces
  9301 | D:11     | Bought a potion of flight for 45 gold pieces
  9301 | D:11     | Bought a potion of curing for 30 gold pieces
  9305 | D:11     | Lost mutation: You are very frail (-20% HP). [potion of mutation]
  9305 | D:11     | Gained mutation: Your spells are a little harder to cast, but a little more powerful. [potion of mutation]
  9305 | D:11     | Gained mutation: You have supernaturally acute eyesight. [potion of mutation]
  9306 | D:11     | Lost mutation: You are frail (-10% HP). [potion of mutation]
  9306 | D:11     | Gained mutation: Your muscles are strong. (Str +2) [potion of mutation]
  9306 | D:11     | Gained mutation: Your magical capacity is low (-10% MP). [potion of mutation]
  9494 | D:11     | XOM: 2-stop teleportation journey
  9755 | D:11     | XOM: summons friendly crimson imp
 10043 | D:12     | Noticed a four-headed hydra
 10054 | D:11     | XOM: god gift: 4 meat rations
 10061 | D:11     | Killed a four-headed hydra
 10186 | D:12     | Noticed a hill giant
 10226 | D:11     | XOM: god gift: potion of lignification
 10443 | D:12     | Found a glowing silver altar of Zin.
 10486 | D:12     | Noticed a silver statue
 10493 | D:12     | Noticed an ice devil
 10498 | D:12     | Killed a silver statue
 10545 | D:12     | Reached skill level 15 in Fighting
 10790 | D:12     | XOM: 1-stop teleportation journey
 10838 | D:12     | Killed a hill giant
 10863 | D:12     | XOM: vitrification
 10935 | D:12     | XOM: cast spell 'Olgreb's Toxic Radiance'
 10936 | D:12     | XOM: enchant monster (good)
 10939 | D:12     | XOM: enchant monster (bad)
 10963 | D:12     | XOM: noise
 10970 | D:12     | XOM: summons 11 friendly demons
 11051 | D:12     | XOM: confuse monster(s)
 11085 | D:12     | Noticed a hill giant
 11086 | D:12     | XOM: summons 11 friendly demons
 11097 | D:12     | Killed a hill giant
 11180 | D:12     | XOM: vitrification
 11223 | D:12     | Noticed a hill giant
 11241 | D:12     | Killed a hill giant
 11250 | D:12     | XOM: harmless Fire miscast
 11325 | D:12     | Found Shucipoo's Book Shoppe.
 11335 | D:12     | XOM: enchant monster (good)
 11401 | D:12     | XOM: divination: detect creatures
 11508 | D:12     | XOM: god gift: potion of poison
 11536 | D:12     | XOM: silly message
 11552 | D:12     | XOM: potion effect (brilliance)
 11693 | D:13     | Reached skill level 16 in Fighting
 11693 | D:13     | Reached XP level 12. HP: 48/122 MP: 4/4
 11696 | D:13     | XOM: cast spell 'Ring of Flames'
 12052 | D:13     | Noticed Sonja
 12068 | D:13     | XOM: enchant monster (good)
 12082 | D:13     | Killed Sonja
 12097 | D:13     | Noticed a skeletal warrior
 12098 | D:13     | Noticed a skeletal warrior
 12098 | D:13     | Noticed a skeletal warrior
 12100 | D:13     | XOM: cast spell 'Ring of Flames'
 12106 | D:13     | Killed a skeletal warrior
 12116 | D:13     | Killed a skeletal warrior
 12130 | D:13     | XOM: harmless Divn miscast
 12133 | D:13     | XOM: summons 4 hostile demons
 12146 | D:13     | HP: 6/123 [skeletal warrior/glaive (19)]
 12151 | D:13     | XOM: noise
 12177 | D:12     | XOM: mild Pois miscast
 12494 | D:13     | XOM: summons friendly shadow imp
 12496 | D:13     | XOM: polymorph shadow imp -> ufetubus
 12503 | D:13     | XOM: enchant monster (bad)
 12508 | D:13     | Killed a skeletal warrior
 12745 | D:13     | XOM: summons friendly ufetubus
 12759 | D:13     | XOM: torment (26/124 hp)
 12765 | D:13     | XOM: swap weapons
 12778 | D:13     | XOM: potion effect (invisibility)
 12854 | D:13     | XOM: god gift: bread ration
 13172 | D:13     | Found a glowing silver altar of Zin.
 13173 | D:13     | Noticed an angel
 13200 | D:13     | XOM: give mutations
 13200 | D:13     | Gained mutation: You have large cloven feet. [Xom's grace]
 13200 | D:13     | Gained mutation: You can breathe flames. [Xom's grace]
 13200 | D:13     | Gained mutation: You are agile. (Dex +2) [Xom's grace]
 13205 | D:13     | XOM: noise
 13209 | D:13     | XOM: chaos upgrade
 13211 | D:13     | XOM: medium Tloc miscast
 13234 | D:13     | XOM: chaos upgrade
 13239 | D:13     | Noticed an unseen horror
 13241 | D:13     | XOM: divine lightning
 13249 | D:13     | Killed an unseen horror
 13418 | D:13     | XOM: colour smoke trail
 13472 | D:13     | Noticed a centaur warrior
 13490 | D:13     | Killed a centaur warrior
 13490 | D:13     | Reached skill level 17 in Fighting
 13532 | D:13     | Noticed a vault guard
 13543 | D:13     | Noticed an emperor scorpion
 13543 | D:13     | a vault guard changed into an emperor scorpion
 13543 | D:13     | XOM: polymorph vault guard -> emperor scorpion
 13561 | D:13     | XOM: summons 6 hostile demons
 13568 | D:13     | XOM: confuse monster(s)
 13572 | D:13     | XOM: swap weapons
 13610 | D:13     | XOM: blink monster(s)
 13630 | D:13     | XOM: harmless Necr miscast
 13632 | D:13     | Noticed a vault guard
 13654 | D:13     | XOM: 3-stop teleportation journey
 13770 | D:13     | XOM: give mutation
 13770 | D:13     | Gained mutation: You have a pair of large horns on your head. [Xom's grace]
 13779 | D:13     | XOM: 10-stop teleportation journey
 13783 | D:13     | Noticed a vault guard
 13785 | D:13     | Noticed a vault guard
 13800 | D:13     | XOM: summons friendly iron imp
 13805 | D:13     | Noticed a vault guard
 13810 | D:13     | XOM: destruction
 13824 | D:12     | XOM: enchant monster (good)
 13841 | D:12     | Killed a vault guard
 13841 | D:12     | Reached skill level 1 in Evocations
 13961 | D:12     | XOM: vitrification
 14196 | D:12     | Killed a vault guard
 14217 | D:12     | XOM: destruction
 14222 | D:12     | XOM: cast spell 'Ice Form'
 14226 | D:12     | XOM: god gift: scroll of recharging
 14231 | D:12     | XOM: potion effect (agility)
 14242 | D:12     | XOM: divine lightning
 14248 | D:12     | XOM: noise
 14262 | D:12     | XOM: harmless Hex miscast
 14264 | D:12     | XOM: mild Divn miscast
 14463 | D:11     | XOM: colour smoke trail
 14576 | D:12     | XOM: confuse monster(s)
 14595 | D:12     | XOM: give mutations
 14595 | D:12     | Lost mutation: Your mind is acute. (Int +2) [Xom's mischief]
 14595 | D:12     | Gained mutation: Your magical capacity is very low (-20% MP). [Xom's mischief]
 14595 | D:12     | Lost mutation: You are agile. (Dex +2) [Xom's mischief]
 14675 | D:12     | XOM: colour smoke trail
 14878 | D:12     | XOM: blink monster(s)
 14883 | D:12     | XOM: swap monsters
 14890 | D:12     | Killed a vault guard
 14964 | D:12     | XOM: harmless Divn miscast
 15052 | D:12     | XOM: summons 6 hostile demons
 15128 | D:12     | XOM: colour smoke trail
 15271 | D:13     | Noticed a vault guard
 15278 | D:13     | XOM: blink monster(s)
 15286 | D:13     | Noticed a fire giant
 15311 | D:13     | XOM: enchant monster (good)
 15328 | D:13     | XOM: confuse monster(s)
 15381 | D:11     | XOM: draining
 15414 | D:10     | XOM: medium Trmt miscast
 15455 | D:10     | Killed Maurice
 15537 | D:10     | XOM: mild Chrm miscast
 15548 | D:10     | XOM: vitrification
 15695 | Lair:1   | Entered Level 1 of the Lair of Beasts
 15720 | Lair:1   | Gained mutation: You are frail (-10% HP). [potion of mutation]
 15720 | Lair:1   | Lost mutation: Your muscles are strong. (Str +2) [potion of mutation]
 15721 | Lair:1   | Lost mutation: Your spells are a little harder to cast, but a little more powerful. [potion of mutation]
 15721 | Lair:1   | Gained mutation: You are clumsy. (Dex -2) [potion of mutation]
 15722 | Lair:1   | Lost mutation: Your magical capacity is very low (-20% MP). [potion of mutation]
 15722 | Lair:1   | Lost mutation: You are clumsy. (Dex -2) [potion of mutation]
 15722 | Lair:1   | Gained mutation: You are partially covered in rough black scales (AC +4, Dex -1). [potion of mutation]
 15725 | Lair:1   | XOM: give mutations
 15725 | Lair:1   | Lost mutation: Your magical capacity is low (-10% MP). [Xom's grace]
 15725 | Lair:1   | Gained mutation: You can breathe fire. [Xom's grace]
 15725 | Lair:1   | Lost mutation: You are frail (-10% HP). [Xom's grace]
 15725 | Lair:1   | Gained mutation: Your spells are a little harder to cast, but a little more powerful. [Xom's grace]
 15969 | Lair:1   | XOM: summons friendly crimson imp
 16195 | Lair:1   | XOM: polymorph yak -> golden eye
 16200 | Lair:1   | Reached XP level 13. HP: 90/133 MP: 11/11
 16340 | Lair:1   | XOM: give mutations
 16340 | Lair:1   | Gained mutation: Your spells are harder to cast, but more powerful. [Xom's grace]
 16340 | Lair:1   | Gained mutation: Your flesh is cold resistant. [Xom's grace]
 16340 | Lair:1   | Gained mutation: You are partially covered in rugged brown scales (AC +1, +3% HP). [Xom's grace]
 16340 | Lair:1   | Gained mutation: Your muscles are strong. (Str +2) [Xom's grace]
 16494 | Lair:1   | XOM: summons 2 friendly demons
 16497 | Lair:1   | Reached skill level 5 in Axes
 16913 | Lair:1   | XOM: fake destruction
 16950 | Lair:1   | XOM: vitrification
 17091 | Lair:2   | XOM: snakes to sticks
 17110 | Lair:2   | XOM: potion effect (brilliance)
 17131 | Lair:2   | XOM: 2-stop teleportation journey
 17144 | Lair:2   | XOM: 8-stop teleportation journey
 17146 | Lair:2   | XOM: 4-stop teleportation journey
 17589 | Lair:2   | XOM: vitrification
 17709 | Lair:2   | XOM: give mutations
 17709 | Lair:2   | Lost mutation: Your flesh is cold resistant. [Xom's mischief]
 17709 | Lair:2   | Lost mutation: You have a pair of large horns on your head. [Xom's mischief]
 17709 | Lair:2   | Gained mutation: You are clumsy. (Dex -2) [Xom's mischief]
 17709 | Lair:2   | Lost mutation: You can breathe fire. [Xom's mischief]
 18292 | Lair:3   | Found a hole to the Spider Nest.
 19531 | Lair:4   | Noticed Rupert
 19534 | Lair:4   | Paralysed by Rupert for 2 turns
 19544 | Lair:4   | XOM: divination: detect creatures
 19552 | Lair:4   | Killed Rupert
 19552 | Lair:4   | Reached skill level 18 in Fighting
 19739 | Lair:4   | Lost mutation: You are partially covered in rough black scales (AC +4, Dex -1). [potion of mutation]
 19893 | Lair:5   | XOM: mild Fire miscast
 20000 | Lair:5   | XOM: divination: detect creatures
 20041 | Lair:5   | XOM: divination: detect items
 20048 | Lair:5   | XOM: potion effect (berserk rage)
 20071 | Lair:5   | XOM: harmless Divn miscast
 20360 | Lair:5   | XOM: colour smoke trail
 20564 | Lair:5   | XOM: scenery: 1 doors open
 20579 | Lair:5   | XOM: 3-stop teleportation journey
 20665 | Lair:5   | Found a staircase to the Swamp.
 20809 | Lair:5   | XOM: harmless Trmt miscast
 20810 | Lair:5   | XOM: harmless Fire miscast
 21309 | Lair:6   | XOM: enchant monster (good)
 21513 | Lair:6   | XOM: enchant monster (bad)
 21574 | Lair:6   | Noticed Harold
 21869 | Lair:6   | Killed Harold
 21914 | Lair:6   | XOM: blink monster(s)
 21924 | Lair:6   | XOM: confusion (+ monsters)
 21973 | Lair:6   | XOM: god gift: 2 javelins of penetration
 22133 | Lair:6   | XOM: harmless Summ miscast
 22185 | Lair:6   | XOM: harmless Tloc miscast
 22397 | Lair:7   | XOM: divination: detect creatures
 22411 | Lair:7   | XOM: harmless Ice miscast
 22718 | Lair:7   | XOM: enchant monster (good)
 22733 | Lair:7   | XOM: confuse monster(s)
 22744 | Lair:7   | XOM: confuse monster(s)
 23027 | Lair:7   | Reached XP level 14. HP: 77/148 MP: 16/16
 23331 | Lair:7   | Reached skill level 5 in Evocations
 23363 | Lair:7   | XOM: harmless Divn miscast
 23383 | Lair:7   | XOM: divination: magic mapping
 23401 | Lair:7   | XOM: mild Pois miscast
 23402 | Lair:7   | XOM: summons friendly crimson imp
 23411 | Lair:7   | XOM: 2-stop teleportation journey
 23632 | Lair:7   | XOM: mild Trmt miscast
 24073 | Lair:7   | XOM: potion effect (might)
 24097 | Lair:7   | XOM: harmless Summ miscast
 24123 | Lair:8   | Entered Level 8 of the Lair of Beasts
 24165 | Lair:8   | Noticed Nergalle
 24169 | Lair:8   | XOM: potion effect (heal wounds)
 24198 | Lair:8   | Killed Nergalle
 24383 | Lair:8   | XOM: god gift: 2 potions of poison
 24439 | Lair:8   | XOM: summons 6 friendly demons
 24448 | Lair:8   | XOM: confusion (+ monsters)
 24455 | Lair:8   | XOM: harmless Pois miscast
 24605 | Lair:7   | XOM: medium Conj miscast
 24923 | Lair:8   | XOM: give mutations
 24923 | Lair:8   | Lost mutation: Your muscles are strong. (Str +2) [Xom's mischief]
 24923 | Lair:8   | Lost mutation: You can breathe flames. [Xom's mischief]
 24923 | Lair:8   | Lost mutation: You are clumsy. (Dex -2) [Xom's mischief]
 24935 | Lair:7   | XOM: enchant monster (good)
 24935 | Lair:7   | HP: 2/148 [spiny frog (15)]
 24946 | Lair:7   | XOM: harmless Pois miscast
 24971 | Lair:7   | HP: 7/148 [vampire mosquito (5)]
 25505 | Lair:7   | XOM: enchant monster (bad)
 25680 | Lair:8   | XOM: harmless Erth miscast
 25690 | Lair:8   | XOM: destruction
 26007 | Lair:7   | Reached skill level 19 in Fighting
 26364 | Lair:7   | XOM: give mutations
 26364 | Lair:7   | Lost mutation: Your spells are harder to cast, but more powerful. [Xom's mischief]
 26364 | Lair:7   | Gained mutation: You are dopey. (Int -2) [Xom's mischief]
 26364 | Lair:7   | Gained mutation: You are very dopey. (Int -4) [Xom's mischief]
 26376 | Lair:8   | XOM: blink monster(s)
 26378 | Lair:7   | XOM: harmless Chrm miscast
 26564 | Lair:6   | XOM: mild Divn miscast
 26865 | Lair:7   | XOM: confusion (+ monsters)
 27013 | Lair:6   | XOM: divine lightning (protected)
 27240 | Lair:8   | XOM: confuse monster(s)
 27276 | Lair:8   | Reached skill level 10 in Axes
 27316 | Lair:8   | XOM: destruction
 27319 | Lair:8   | XOM: divination: magic mapping
 27439 | Lair:8   | XOM: destruction
 27486 | Lair:8   | XOM: god gift: 11 gold pieces
 27492 | Lair:8   | XOM: harmless Divn miscast
 27554 | Lair:8   | XOM: potion effect (heal wounds)
 27949 | Lair:8   | XOM: enchant monster (good)
 28158 | Lair:8   | XOM: confuse monster(s)
 28411 | Lair:8   | XOM: god gift: twisted hunting sling {god gift}
 28487 | Lair:8   | XOM: silly message
 28636 | Lair:8   | Found a viscous altar of Jiyva.
 28639 | Lair:8   | Found a staircase to the Slime Pits.
 28665 | Lair:8   | Got a bronze scale mail
 28684 | Lair:8   | Identified the cursed -1 scale mail of Pathos {rF++ Str-2} (You found it on level 8 of the Lair of Beasts)
 28825 | Lair:8   | XOM: medium Summ miscast
 29149 | Lair:8   | XOM: harmless Conj miscast
 29161 | Lair:8   | XOM: noise
 29391 | Lair:8   | XOM: noise
 29398 | Lair:8   | XOM: enchant monster (bad)
 29535 | Lair:8   | XOM: enchant monster (bad)
 29799 | Lair:8   | Got a twisted halberd
 29853 | Lair:8   | XOM: enchant monster (good)
 29860 | Lair:8   | XOM: mild Erth miscast
 29861 | Lair:8   | XOM: enchant monster (bad)
 29966 | Lair:8   | XOM: cast spell 'Spider Form'
 30051 | Lair:8   | XOM: potion effect (berserk rage)
 30061 | Lair:8   | Reached XP level 15. HP: 117/156 MP: 20/20
 30228 | Lair:8   | XOM: noise
 30292 | Lair:8   | XOM: give mutations
 30292 | Lair:8   | Gained mutation: Armour fits poorly on your strangely shaped body. [Xom's mischief]
 30292 | Lair:8   | Lost mutation: You have large cloven feet. [Xom's mischief]
 30292 | Lair:8   | Lost mutation: Armour fits poorly on your strangely shaped body. [Xom's mischief]
 30339 | Lair:8   | XOM: mild Hex miscast
 30536 | Lair:1   | XOM: mild Necr miscast
 30650 | Orc:1    | Entered Level 1 of the Orcish Mines
 30728 | Orc:1    | Found a flagged portal.
 30739 | Bailey   | Entered a bailey
 30762 | Bailey   | Noticed bullock's ghost (powerful GrWz)
 30772 | Bailey   | XOM: mild Hex miscast
 30783 | Bailey   | XOM: silly message
 30793 | Bailey   | Killed bullock's ghost
 30895 | Bailey   | XOM is BORED!
 30895 | Bailey   | XOM: mild Chrm miscast
 31163 | Bailey   | XOM: chaos upgrade
 31306 | Bailey   | XOM: potion effect (agility)
 31320 | Bailey   | XOM: confuse monster(s)
 31976 | Orc:1    | XOM: vitrification
 32271 | Orc:2    | Noticed Psyche
 32279 | Orc:2    | Killed Psyche
 32437 | Orc:2    | Noticed Joseph
 32444 | Orc:2    | Killed Joseph
 32614 | Orc:2    | Found a roughly hewn altar of Beogh.
 32691 | Orc:2    | XOM: noise
 32920 | Orc:3    | Found a staircase to the Elven Halls.
 32950 | Orc:3    | Found a bloodstained altar of Trog.
 33060 | Orc:3    | XOM: noise
 33409 | Orc:4    | Entered Level 4 of the Orcish Mines
 33409 | Orc:4    | Noticed bullock's ghost (mighty GrWz)
 33409 | Orc:4    | XOM: summons 10 friendly demons
 33412 | Orc:4    | XOM: divination: detect items
 33427 | Orc:4    | XOM: potion effect (agility)
 33715 | Orc:3    | XOM: divination: detect creatures
 33733 | Orc:3    | XOM: cast spell 'Dragon Form'
 33751 | Orc:4    | Killed bullock's ghost
 33770 | Orc:4    | XOM: cast spell 'Summon Small Mammal'
 33831 | Orc:3    | XOM: harmless Necr miscast
 34164 | Orc:4    | Paralysed by an orc sorcerer for 2 turns
 34166 | Orc:3    | XOM: harmless Hex miscast
 34769 | Orc:4    | XOM: give mutations
 34769 | Orc:4    | Gained mutation: You can spit poison. [Xom's mischief]
 34769 | Orc:4    | Lost mutation: You can spit poison. [Xom's mischief]
 35123 | Orc:4    | Found a roughly hewn altar of Beogh.
 35146 | Orc:4    | XOM: polymorph orc warrior -> spiny frog
 35154 | Orc:4    | XOM: swap monsters
 35176 | Orc:4    | XOM: 4-stop teleportation journey
 35231 | Orc:4    | XOM: silly message
 35511 | Orc:4    | XOM: noise
 35531 | Orc:4    | Found Mnygiunn's Book Shoppe.
 35545 | Orc:4    | Found Caqoadar's Antique Weapon Shoppe.
 35590 | Orc:4    | Found Ekoucal's Antique Armour Shoppe.
 35605 | Orc:4    | Bought an ancient scale mail for 261 gold pieces
 35616 | Orc:4    | Identified the -5 scale mail "Neajuv" {Str+4 Dex+2 Curse} (You bought it in a shop on level 4 of the Orcish Mines)
 35633 | Orc:4    | Found Ikauthreu's General Store.
 35670 | Orc:4    | Bought a potion of heal wounds for 51 gold pieces
 35670 | Orc:4    | Bought a potion of invisibility for 93 gold pieces
 35670 | Orc:4    | Bought a potion of agility for 42 gold pieces
 35689 | Orc:4    | Bought a shiny plate armour for 667 gold pieces
 35711 | Orc:4    | Bought a glowing hand axe for 72 gold pieces
 35711 | Orc:4    | Bought a bloodstained trident for 204 gold pieces
 35711 | Orc:4    | Bought a steaming spear for 192 gold pieces
 35711 | Orc:4    | Bought an encrusted blowgun for 180 gold pieces
 35712 | Orc:4    | Identified the +6 trident of Awkwardness {venom, rN+} (You bought it in a shop on level 4 of the Orcish Mines)
 35713 | Orc:4    | Identified the cursed +3 spear "Cammamn" {antimagic, rElec Stlth-} (You bought it in a shop on level 4 of the Orcish Mines)
 35715 | Orc:4    | Identified the +1 blowgun "Puraytef" {evade, rF+ Dex+4} (You bought it in a shop on level 4 of the Orcish Mines)
 35723 | Orc:4    | Reached skill level 20 in Fighting
 35723 | Orc:4    | Reached skill level 15 in Armour
 35723 | Orc:4    | Reached XP level 16. HP: 166/166 MP: 8/22
 35731 | Orc:4    | XOM: give mutations
 35731 | Orc:4    | Gained mutation: Your flesh is cold resistant. [Xom's mischief]
 35731 | Orc:4    | Lost mutation: Your flesh is cold resistant. [Xom's mischief]
 35731 | Orc:4    | Gained mutation: You are somewhat resistant to further mutation. [Xom's mischief]
 35731 | Orc:4    | Lost mutation: You are very dopey. (Int -4) [Xom's mischief]
 35804 | Orc:4    | XOM: colour smoke trail
 36211 | D:13     | a fire giant changed into a sphinx
 36220 | D:13     | XOM: potion effect (might)
 36345 | D:13     | Found a gate to the Vaults.
 36380 | D:13     | XOM: harmless Pois miscast
 36381 | D:13     | Noticed a vault guard
 36396 | D:13     | Killed a vault guard
 36478 | D:13     | Noticed a vault guard
 36506 | D:13     | Killed a vault guard
 36532 | D:13     | Killed a vault guard
 36554 | D:13     | XOM: enchant monster (good)
 36558 | D:13     | Killed a vault guard
 36702 | D:13     | XOM: confuse monster(s)
 36709 | D:13     | XOM: mild Erth miscast
 36710 | D:13     | XOM: confusion
 36933 | D:12     | XOM: mild Summ miscast
 37022 | D:12     | XOM: mild Summ miscast
 37408 | D:14     | XOM: 6-stop teleportation journey
 37421 | D:14     | Found a labyrinth entrance.
 37427 | Lab      | Entered a labyrinth
 37453 | Lab      | XOM: harmless Summ miscast
 37469 | Lab      | XOM: colour smoke trail
 37494 | Lab      | XOM: mild Hex miscast
 37662 | Lab      | Reached skill level 15 in Shields
 37731 | D:14     | XOM: vitrification
 37932 | D:14     | XOM: swap monsters
 38087 | D:14     | You fall through a shaft!
 38087 | D:15     | Entered Level 15 of the Dungeon
 38135 | D:15     | XOM: medium Ice miscast
 38145 | D:15     | XOM: colour smoke trail
 38218 | D:15     | XOM: swap weapons
 38224 | D:15     | XOM: 5-stop teleportation journey
 38231 | D:15     | XOM: mild Summ miscast
 38233 | D:15     | XOM: harmless Trmt miscast
 38258 | D:15     | XOM: polymorph raven -> sky beast
 38261 | D:15     | XOM: swap monsters
 38619 | D:15     | XOM: god gift: scroll of random uselessness
 38637 | D:15     | XOM: cast spell 'Shadow Creatures'
 38713 | D:15     | XOM: vitrification
 38810 | D:15     | XOM: fake destruction
 38842 | D:15     | XOM: 2-stop teleportation journey
 38953 | D:15     | XOM: 1-stop teleportation journey
 39067 | D:15     | Lost intelligence.
 39153 | D:15     | XOM: polymorph purple ugly thing -> anaconda
 39188 | D:15     | XOM: potion effect (agility)
 39269 | D:15     | Found a staircase to the Depths.
 39435 | D:15     | XOM: summons 2 friendly demons
 39446 | D:15     | XOM: divine lightning
 39621 | D:15     | XOM: scenery: 7 doors close
 39642 | D:15     | Learned a level 6 spell: Haste
 39644 | D:15     | Learned a level 1 spell: Summon Butterflies
 40033 | D:10     | Lost mutation: Your spells are a little harder to cast, but a little more powerful. [mutagenic meat]
 40067 | D:9      | XOM: polymorph goliath beetle -> fire bat
 40215 | Lair:4   | XOM: 2-stop teleportation journey
 40299 | Swamp:1  | Entered Level 1 of the Swamp
 40309 | Swamp:1  | XOM: polymorph spiny frog -> blink frog
 40319 | Swamp:1  | XOM: divination: detect items
 40635 | Swamp:1  | XOM: polymorph slime creature -> torpor snail
 40637 | Swamp:1  | XOM: summons 4 friendly demons
 40644 | Swamp:1  | XOM: enchant monster (bad)
 40718 | Swamp:1  | Noticed Donald
 40721 | Swamp:1  | XOM: mild Summ miscast
 40737 | Swamp:1  | Killed Donald
 40737 | Swamp:1  | Reached XP level 17. HP: 135/177 MP: 24/24
 40749 | Swamp:1  | XOM: harmless Trmt miscast
 41149 | Swamp:1  | XOM: blink monster(s)
 41155 | Swamp:1  | XOM: blink monster(s)
 41211 | Swamp:1  | Reached skill level 21 in Fighting
 41391 | Swamp:1  | Noticed Frances
 41398 | Swamp:1  | XOM: cast spell 'Shadow Creatures'
 41411 | Swamp:1  | Killed Frances
 41827 | Swamp:1  | XOM: silly message
 41921 | Swamp:2  | XOM: enchant monster (bad)
 41929 | Swamp:2  | XOM: enchant monster (bad)
 41944 | Swamp:2  | XOM: harmless Chrm miscast
 41954 | Swamp:2  | XOM: enchant monster (bad)
 41980 | Swamp:2  | XOM: give mutation
 41980 | Swamp:2  | Gained mutation: You are clumsy. (Dex -2) [Xom's mischief]
 42273 | Swamp:2  | XOM: swap monsters
 42295 | Swamp:2  | XOM: swap monsters
 42338 | Swamp:2  | XOM: enchant monster (good)
 42596 | Swamp:2  | XOM: vitrification
 43100 | Swamp:2  | XOM: give mutation
 43100 | Swamp:2  | Gained mutation: You are very clumsy. (Dex -4) [Xom's mischief]
 43430 | Swamp:2  | XOM: harmless Divn miscast
 43478 | Swamp:2  | XOM: enchant monster (bad)
 43492 | Swamp:2  | XOM: colour smoke trail
 43904 | Swamp:3  | XOM: summons 16 friendly demons
 43918 | Swamp:3  | XOM: polymorph crimson imp -> quasit
 43923 | Swamp:3  | XOM: polymorph quasit -> white imp
 43934 | Swamp:3  | XOM: polymorph thorn hunter -> shambling mangrove
 44387 | Swamp:3  | XOM: summons 2 friendly demons
 44491 | Swamp:3  | XOM: mild Conj miscast
 44569 | Swamp:3  | XOM is BORED!
 44569 | Swamp:3  | XOM: mild Fire miscast
 44896 | Swamp:3  | XOM: noise
 45238 | Swamp:3  | XOM: cast spell 'Shadow Creatures'
 45737 | Swamp:4  | XOM: polymorph swamp drake -> jelly
 46096 | Swamp:4  | HP: 8/178 [raven[a shambling mangrove] (10)]
 46172 | Swamp:4  | XOM: give mutations
 46172 | Swamp:4  | Gained mutation: You are mostly covered in rugged brown scales (AC +2, +5% HP). [Xom's mischief]
 46172 | Swamp:4  | Lost mutation: You are dopey. (Int -2) [Xom's mischief]
 46308 | Swamp:4  | XOM: god gift: 3 potions of mutation
 46353 | Swamp:4  | XOM: destruction
 46417 | Swamp:4  | XOM: divination: detect items
 46635 | Swamp:4  | XOM: summons friendly ufetubus
 46724 | Swamp:4  | XOM: god gift: ring mail {god gift}
 46823 | Swamp:4  | XOM: divination: magic mapping
 47157 | Swamp:4  | XOM: enchant monster (bad)
 47171 | Swamp:4  | XOM: potion effect (heal wounds)
 47314 | Swamp:4  | XOM: enchant monster (good)
 47787 | Swamp:5  | Entered Level 5 of the Swamp
 47877 | Swamp:5  | XOM: 9-stop teleportation journey
 47959 | Swamp:5  | XOM: swap monsters
 48009 | Swamp:5  | XOM: god gift: long glowing staff {god gift}
 48075 | Swamp:5  | XOM: harmless Erth miscast
 48586 | Swamp:5  | XOM: enchant monster (good)
 48586 | Swamp:5  | HP: 9/181 [eight-headed hydra (2)]
 48586 | Swamp:5  | HP: 2/181 [eight-headed hydra (7)]
 48589 | Swamp:5  | XOM: fake destruction
 49107 | Swamp:5  | XOM: blink monster(s)
 49194 | Swamp:5  | HP: 3/182 [bog body/bolt of cold (9)]
 49196 | Swamp:5  | Killed from afar by a bog body

Action                   |  1- 3 |  4- 6 |  7- 9 | 10-12 | 13-15 | 16-18 || total
-------------------------+-------+-------+-------+-------+-------+-------++-------
Melee: War axe           |   107 |     9 |       |    43 |  1716 |    46 ||  1921
       Trident           |       |    66 |    55 |       |    63 |  1462 ||  1646
       Dagger            |       |       |   383 |   698 |       |   238 ||  1319
       Flail             |       |       |       |   158 |       |       ||   158
       Whip              |       |       |       |    15 |       |       ||    15
       Short sword       |       |       |       |     4 |       |       ||     4
       Unarmed           |       |       |       |     1 |    25 |       ||    26
       Mace              |       |       |       |       |       |     3 ||     3
 Fire: Blowgun           |       |       |       |     7 |     1 |       ||     8
Throw: Throwing net      |       |       |       |       |     2 |       ||     2
 Abil: Breathe Fire      |       |       |       |     2 |    12 |       ||    14
       Evoke Jump Attack |       |       |       |       |     2 |     1 ||     3
       Evoke Berserk Rag |       |       |       |       |       |     1 ||     1
Evoke: Wand              |       |       |    10 |    44 |     8 |    16 ||    78
       Deck              |       |       |       |     2 |       |       ||     2
       Stone of tremors  |       |       |       |       |       |     1 ||     1
  Use: Potion            |       |     1 |       |    16 |    15 |    10 ||    42
       Scroll            |       |       |       |    16 |    22 |    15 ||    53
 Stab: Paralysed         |       |       |       |     2 |     1 |     4 ||     7
       Petrifying        |       |       |       |     1 |     1 |       ||     2
       Invisible         |       |       |       |     1 |       |       ||     1
       Confused          |       |       |       |     3 |     1 |     1 ||     5
       Distracted        |       |       |       |       |       |     1 ||     1
  Eat: Chunk             |       |     4 |    11 |    36 |    74 |    22 ||   147
       Meat ration       |       |       |     1 |       |       |     5 ||     6
       Pizza             |       |       |       |     2 |     1 |       ||     3
       Bread ration      |       |       |       |       |       |     1 ||     1
       Beef jerky        |       |       |       |       |       |     2 ||     2
